 Dungeon Crawl Stone Soup version 0.26-a0-1020-ge47f559bc5 (webtiles) character file.

Game seed: 5453551058620036857

361 ArelonLightweaver the Conjurer (level 6, -1/34 HPs)
             Began as a Gargoyle Conjurer on Dec 8, 2020.
             Was an Initiate of Sif Muna.
             Slain by a fire crab (6 damage)
             ... created by the adversity of Qazlal
             ... on level 4 of the Dungeon.
             The game lasted 00:49:29 (5458 turns).

ArelonLightweaver the Conjurer (Gargoyle Conjurer)  Turns: 5458, Time: 00:49:29

Health: -1/34      AC:  6    Str: 11    XL:     6   Next: 66%
Magic:  2/12       EV: 12    Int: 20    God:    Sif Muna [......]
Gold:   238        SH:  5    Dex:  8    Spells: 13/14 levels left

rFire    + . .     SeeInvis .   (no weapon)
rCold    . . .     Faith    .   (no shield)
rNeg     + . .     Spirit   .   a - +0 robe
rPois    ∞         Reflect  +   (no helmet)
rElec    +         Harm     .   (no cloak)
rCorr    .         Rampage  .   (no gloves)
Will     .....                  (no boots)
Stlth    ++........             k - amulet of reflection
HPRegen  0.11/turn              c - ring of protection from fire
MPRegen  0.13/turn              (no ring)

@: no status effects
A: negative energy resistance 1, electricity resistance, unbreathing,
petrification resistance, rot immunity, AC +4
a: Renounce Religion


You were on level 4 of the Dungeon.
You worshipped Sif Muna.
Sif Muna was noncommittal.
You visited 1 branch of the dungeon, and saw 5 of its levels.
You also visited: Sewer.

You collected 238 gold pieces.

Inventory:

Missiles
 i - 50 stones
Armour
 a - a +0 robe (worn)
Jewellery
 c - a ring of protection from fire (left hand)
 k - an amulet of reflection (around neck)
Scrolls
 d - a scroll of magic mapping {unknown}
 f - 2 scrolls of enchant armour {unknown}
 g - 2 scrolls of remove curse {unknown}
 h - 4 scrolls of identify {unknown}
 j - 2 scrolls of fog {unknown}
 m - a scroll of teleportation {unknown}
 n - 2 scrolls of blinking {unknown}
Potions
 b - a potion of brilliance {unknown}
 e - 3 potions of curing {unknown}
 l - a potion of degeneration {unknown}
 o - a potion of haste {unknown}


   Skills:
 - Level 1.0 Fighting
 - Level 1.5 Dodging
 - Level 2.1 Stealth
 + Level 1.0 Shields
 - Level 0.9 Unarmed Combat
 * Level 4.5 Spellcasting
 + Level 6.4 Conjurations


You had 13 spell levels left.
You knew the following spells:

 Your Spells              Type           Power        Failure   Level
a - Magic Dart            Conj           ####         1%          1

Your spell library contained the following spells:

 Spells                   Type           Power        Failure   Level
 Searing Ray              Conj           ####..       1%          2
 Dazzling Flash           Conj/Hex       ###...       10%         3
 Fulminant Prism          Conj/Hex       ###.......   32%         4
 Iskenderun's Mystic Bla  Conj/Tloc      ###.....     32%         4


Dungeon Overview and Level Annotations

Branches:
Dungeon (5/15)              Sewer (visited)
 Temple: D:4-7

Altars:
Dithmenos
Qazlal
Sif Muna


Innate Abilities, Weirdness & Mutations

You are resistant to torment.
Your stone body is resilient. (AC +4)
You are immune to poison.
You resist negative energy. (rN+)
You are resistant to electric shocks. (rElec)
You can survive without breathing.
You are immune to petrification.
You are immune to rotting.


Message History

Aiming: Magic Dart (safe; 1% risk of failure)
Press: ? - help, Shift-Dir - straight line, f/p - fire crab
Aim: a fire crab (lightly wounded, durably summoned, 0% to evade)
The magic dart hits the fire crab but does no damage.
The fire crab is lightly wounded.
The fire crab barely misses you. You block the fire crab's attack.
Memorise Searing Ray, consuming 2 spell levels and leaving 11?
Okay, then.
Unknown command.
Casting: Magic Dart (safe; 1% risk of failure)
Confirm with . or Enter, or press ? or * to list all spells.
Aiming: Magic Dart (safe; 1% risk of failure)
Press: ? - help, Shift-Dir - straight line, f/p - fire crab
Aim: a fire crab (lightly wounded, durably summoned, 0% to evade)
The magic dart hits the fire crab but does no damage.
The fire crab is lightly wounded.
The fire crab bites you!
* * * LOW HITPOINT WARNING * * *
You are engulfed in flames.
You resist.
You die...

###÷.....### ###...####...###
###..≈###..###≈..###
##....##... ##....##
##.≈..##..# # ##..≈.#
#...≈##..# ..# ##≈...
#≈..)#..##≈..≈ #...≈
#.≈≈.t8"...##. #.≈≈. ...$
#...≈#@.#≈..> #≈^.. ... ...
#...≈#..# ? #≈(.. ...##.#
#.≈≈.#8.# #.≈≈.
..##..#####≈...#..# ## #...≈
...##.##..#...≈##.. ##. ##≈...
#........(##.≈..##..
#..##..≈.#
..##.......#.....##. #.....##
...##.......###...###
###≈..###
.........[....###...####...###


You could see a fire crab.

Vanquished Creatures
  A scorpion (D:4)
  A wight (D:4)
  2 hounds (D:4)
  A centaur skeleton (D:4)
  2 worker ants (D:4)
  6 adders
  2 oozes
  A worm (D:2)
  An adder skeleton (D:5)
  A dart slug (D:2)
  A leopard gecko (D:3)
  6 ball pythons
  2 bats
  3 giant cockroaches
  4 goblins
  6 hobgoblins
  8 jackals (Sewer)
  A quokka (D:4)
  7 frilled lizards
  14 kobolds
  4 rats
  2 bushes (D:3)
76 creatures vanquished.

Vanquished Creatures (others)
  44 plants
44 creatures vanquished.

Grand Total: 120 creatures vanquished

Notes
Turn   | Place    | Note
-------+----------+-------------------------------------------
     0 | D:1      | ArelonLightweaver the Gargoyle Conjurer began the quest for
                  | the Orb.
     0 | D:1      | Reached XP level 1. HP: 10/10 MP: 3/3
   326 | D:1      | Reached XP level 2. HP: 15/15 MP: 0/5
   536 | D:1      | Reached skill level 5 in Conjurations
  1093 | D:2      | Reached XP level 3. HP: 17/19 MP: 0/6
  1455 | D:2      | Found a shadowy altar of Dithmenos.
  1459 | D:2      | Found a stormy altar of Qazlal.
  1498 | D:2      | Became a worshipper of Qazlal Stormbringer
  2056 | D:3      | Reached XP level 4. HP: 24/24 MP: 5/7
  3573 | D:3      | You fall into a shaft and drop 2 floors!
  3573 | D:5      | Entered Level 5 of the Dungeon
  3830 | D:4      | Found a glowing drain.
  3841 | D:4      | Reached XP level 5. HP: 28/28 MP: 2/10
  3933 | Sewer    | Entered a sewer
  3945 | Sewer    | Reached * piety under Qazlal
  4141 | Sewer    | Reached skill level 6 in Conjurations
  4936 | D:4      | Found a shimmering blue altar of Sif Muna.
  4942 | D:4      | Fell from the grace of Qazlal
  4942 | D:4      | Became a worshipper of Sif Muna the Loreminder
  4964 | D:4      | Reached skill level 1 in Fighting
  4964 | D:4      | Reached XP level 6. HP: 34/34 MP: 3/12
  5408 | D:4      | Reached skill level 1 in Shields
  5451 | D:4      | Noticed a fire crab
  5451 | D:4      | Noticed a basilisk
  5458 | D:4      | Slain by a fire crab

Illustrated notes

Levels and vault maps discovered:
D:1:      eino_arrival_cavern_a, layout_basic
D:2:      layout_basic, grunt_temple_overflow_open
D:3:      layout_basic, minmay_misc_feat_doors, lexackson_kobold_supper
D:4:      layout_cave_pools, led_sif_pool, lemuel_doored_altar,
          cheibrodos_sewer_entry_sluice, nzn_random_ring
D:5:      layout_basic, kennysheep_minor_cross

Skill      XL: |  1  2  3  4  5  6 |
---------------+-------------------+-----
Conjurations   | 5 6 |  6.4
Spellcasting   | 3 4 |  4.5
Fighting       | 1 |  1.0
Shields        | 1 |  1.0
Dodging        | |  1.5
Stealth        | |  2.1
Unarmed Combat | |  0.9

Action                   |  1- 3 |  4- 6 || total
-------------------------+-------+-------++-------
Melee: Unarmed           |    36 |  1429 ||  1465
 Cast: Magic Dart        |    61 |   125 ||   186
Armor: Robe              |    19 |    24 ||    43
Dodge: Dodged            |    23 |    77 ||   100
Block: Other             |       |     6 ||     6

Table legend: (Time is in decaauts)
 A = Elapsed time spent in this place.
 B = Non-inter-level travel time spent in this place.
 C = Inter-level travel time spent in this place.
 D = Time resting spent in this place.
 E = Time spent auto-exploring this place.
 F = Levels seen in this place.
 G = Mean time per level.
                   A        B        C        D        E       F      G
               +--------+--------+--------+--------+--------+-----+--------+
         Total |   5652 |   4425 |   1227 |   1204 |      0 |   6 |  942.0 |
       Dungeon |   4599 |   3372 |   1227 |   1167 |      0 |   5 |  919.8 |
         Sewer |   1052 |   1052 |      0 |     37 |      0 |   1 | 1052.0 |
               +--------+--------+--------+--------+--------+-----+--------+

Top non-repeatable levels by time:
     D:3: 1529 daAuts
     D:1: 1087 daAuts
   Sewer: 1052 daAuts
     D:2: 951 daAuts
     D:4: 916 daAuts
     D:5: 114 daAuts
